 Dungeon Crawl Stone Soup version 0.22.1-1-ga44c0e5 (webtiles) character file.

459 Iscandelvey the Digger (level 6, -9/45 HPs)
             Began as a Demigod Earth Elementalist on Oct 25, 2018.
             Mangled by a gnoll
             ... wielding a +0 whip
              (10 damage)
             ... on level 3 of the Dungeon.
             The game lasted 00:14:05 (4125 turns).

Iscandelvey the Digger (Demigod Earth Elementalist) Turns: 4125, Time: 00:14:06

Health: -9/45      AC:  3    Str: 11    XL:     6   Next: 48%
Magic:  5/14       EV: 13    Int: 23    God:
Gold:   65         SH:  0    Dex: 16    Spells: 6/12 levels left

rFire    . . .     SeeInvis .   v - +3 mace
rCold    . . .     Gourm    .   (no shield)
rNeg     . . .     Faith    .   c - +0 robe
rPois    .         Spirit   .   (no helmet)
rElec    .         Reflect  .   (no cloak)
rCorr    .         Harm     +   l - +0 pair of gloves
MR       .....                  (no boots)
Stlth    +.........             n - amulet of harm
HPRegen  0.15/turn              m - ring of attention (curse)
MPRegen  0.14/turn              (no ring)

@: no status effects
A: high mp 1
a: no special abilities


You were on level 3 of the Dungeon.
You were not hungry.

You visited 1 branch of the dungeon, and saw 3 of its levels.

You collected 65 gold pieces.

Inventory:

Hand Weapons
 h - a +0 short sword
 o - a +0 dagger of venom
 v - a +3 mace (weapon)
 w - a +0 mace of crushing
Missiles
 b - 67 stones (quivered)
 i - 75 arrows
Armour
 c - a +0 robe (worn)
 l - a +0 pair of gloves (worn)
Jewellery
 m - a cursed ring of attention (left hand)
 n - an amulet of harm (around neck)
Wands
 x - a wand of disintegration (6)
 B - a wand of paralysis (8)
Scrolls
 a - a scroll of random uselessness {unknown}
 e - 3 scrolls of remove curse {unknown}
 j - 3 scrolls of teleportation {unknown}
 k - a scroll of noise {unknown}
 p - a scroll of amnesia {unknown}
 r - 3 scrolls of identify {unknown}
 y - a scroll of magic mapping {unknown}
Potions
 f - a potion of invisibility {unknown}
 g - 2 potions of experience {unknown}
 q - a potion of flight {unknown}
 t - a potion of ambrosia {unknown}
 z - a potion of berserk rage {unknown}
 A - a potion of haste {unknown}
Comestibles
 d - 5 rations


   Skills:
 + Level 2.4 Dodging
 + Level 2.8 Stealth
 * Level 3.8 Spellcasting
 + Level 1.4 Conjurations
 + Level 0.8 Transmutations
 * Level 4.9 Earth Magic


You had 6 spell levels left.
You knew the following spells:

 Your Spells              Type           Power        Failure   Level  Hunger
a - Sandblast             Erth           ####..       1%          1    None
b - Passwall              Tmut/Erth      ###.....     4%          2    #......
c - Stone Arrow           Conj/Erth      ###...       9%          3    ###....

Your spell library contained the following spells:

 Spells                   Type           Power        Failure   Level  Hunger
 Petrify                  Tmut/Erth      ###.....     32%         4    ####...
 Lee's Rapid Deconstruct  Erth           ####......   36%         5    ######.


Dungeon Overview and Level Annotations

Branches:
Dungeon (3/15)


Innate Abilities, Weirdness & Mutations

You have an increased reservoir of magic. (+10% MP)


Message History

Aiming: Stone Arrow (safe; 9% risk of failure)
Press: ? - help, Shift-Dir - straight line, f/p - gnoll
Aim: a gnoll, wielding an enchanted spear The stone arrow misses the gnoll.
The gnoll hits you but does no damage. The gnoll barely misses you.
The gnoll hits you but does no damage.
Casting: Stone Arrow (safe; 9% risk of failure)
Confirm with . or Enter, or press ? or * to list all spells.
Aiming: Stone Arrow (safe; 9% risk of failure)
Press: ? - help, Shift-Dir - straight line, f/p - gnoll
Aim: a gnoll, wielding an enchanted spear The stone arrow hits the gnoll.
The gnoll is almost dead.
The gnoll hits you!
* * * LOW HITPOINT WARNING * * *
The gnoll completely misses you. The gnoll misses you.
You feel better. The gnoll hits you but does no damage.
The gnoll hits you with an enchanted spear!
* * * LOW HITPOINT WARNING * * *
The gnoll hits you with a whip!
You die...

#..................###..
##................)).'..
.#######..####.###.......###..
........#.## #...........# #..
........#..###.##.##'##### #..
........##.#....#.##.# #..
........##......#....# #..
+##########.....###### #..
###### #..@g....# #..
#....####gg.###.##### ###
#....#......###.....# # .
#....#...........##.## #
....##....#####..######...# #
...........gg...>.....#.P.# #
##.#.#....####.######.#...# #
#....# #.# #.##.## # #....#
#.# #.##.# #


You could see 3 gnolls.

Vanquished Creatures
  Grinder (D:3)
  An orc priest (D:3)
  Jessica (D:2)
  Ijyb (D:3)
  A gnoll (D:3)
  8 adders
  2 oozes
  2 worms (D:2)
  4 dart slugs
  5 leopard geckos
  8 orcs (D:3)
  3 ball pythons
  12 bats
  6 giant cockroaches
  9 goblins
  7 hobgoblins
  2 quokkas
  3 frilled lizards
  7 kobolds
  4 rats
87 creatures vanquished.

Notes
Turn   | Place    | Note
-------+----------+-------------------------------------------
     0 | D:1      | Iscandelvey the Demigod Earth Elementalist began the quest
                  | for the Orb.
     0 | D:1      | Reached XP level 1. HP: 14/14 MP: 5/5
   101 | D:1      | Reached skill level 3 in Earth Magic
   132 | D:1      | Reached XP level 2. HP: 19/20 MP: 1/7
   659 | D:1      | Reached XP level 3. HP: 26/26 MP: 6/8
  1192 | D:2      | Learned a level 2 spell: Passwall
  1196 | D:2      | Learned a level 3 spell: Stone Arrow
  1736 | D:2      | Reached XP level 4. HP: 28/33 MP: 4/10
  2324 | D:2      | Noticed Jessica
  2419 | D:2      | Killed Jessica
  2419 | D:2      | Reached skill level 4 in Earth Magic
  2708 | D:2      | Found a deep blue altar of Sif Muna.
  3013 | D:3      | Reached XP level 5. HP: 30/38 MP: 3/12
  3239 | D:3      | Found a basalt altar of Yredelemnul.
  3357 | D:3      | Noticed Ijyb
  3377 | D:3      | Killed Ijyb
  3419 | D:3      | Noticed Grinder
  3448 | D:3      | Paralysed by Grinder for 2 turns
  3504 | D:3      | Paralysed by Grinder for 2 turns
  3507 | D:3      | Killed Grinder
  3507 | D:3      | Reached skill level 1 in Conjurations
  3507 | D:3      | Reached XP level 6. HP: 34/45 MP: 1/14
  3791 | D:3      | Found a white marble altar of Elyvilon.
  4124 | D:3      | HP: 1/45 [gnoll (10)]
  4125 | D:3      | Mangled by a gnoll

Skill      XL: |  1  2  3  4  5 |
---------------+----------------+-----
Earth Magic    | 3 4 |  4.9
Spellcasting   | 2 3 |  3.8
Stealth        | 2 |  2.8
Dodging        | 2 |  2.4
Conjurations   | 1 |  1.4
Transmutations | |  0.8

Action                   |  1- 3 |  4- 6 || total
-------------------------+-------+-------++-------
Melee: Short sword       |    40 |     6 ||    46
       Dagger            |       |    13 ||    13
       Mace              |       |    41 ||    41
 Cast: Sandblast         |    57 |       ||    57
       Stone Arrow       |     3 |    42 ||    45
  Use: Potion            |       |     1 ||     1
 Stab: Sleeping          |     5 |       ||     5
  Eat: Chunk             |     3 |    11 ||    14
Armor: Robe              |    45 |    17 ||    62
Dodge: Dodged            |    96 |    61 ||   157
